AoeStats
← BobKanec

Arena

508833502Analyzed
1v1 RM · 7d ago on Sep 24, 2026· 28m 18s· 2 players
Game mode
Random Map
Map size
Tiny (2 player)
Population
200
Speed
Normal
Resources
Standard
Victory
Conquest
Starting age
Dark Age
Ending age
Imperial Age
RankedLock teamsTeams togetherTeam positionsShared explorationLock speedFull tech treeHidden civsTurbo modeCheats
Victory
Defeat
🇨🇳 Italians · China
943
+16
🇨🇿 Mongols · Czechia
938
-16
BobKanec
7:36 Loom
10:03 Feudal Age
14:40 Castle Age
13:45 Double-Bit Axe
13:41 Horse Collar
19:28 Bow Saw
20:46 Fletching
24:28 Wheelbarrow
27:52 Padded Archer Armor
spark attack
10:40 Feudal Age
11:36 Loom
11:53 Double-Bit Axe
11:53 Horse Collar
15:41 Castle Age
13:45 Stone Mining
16:48 Fletching
18:35 Bow Saw
19:48 Gold Mining
22:18 Town Watch
28:09 Imperial Age
26:13 Bodkin Arrow
Connection lost

Rejoining the realm…

Still unreachable

The connection could not be restored.

Session expired

The server has moved on; the page needs a fresh start.